 Dungeon Crawl Stone Soup version 0.29.0-4-gdea44cf6ec (webtiles) character file.

Game seed: 6005584622311546572

28 qw the Chopper (level 3, 0/21 HPs)
             Began as a Tengu Warper on Aug 28, 2022.
             Slain by a hobgoblin (1 damage)
             ... on level 1 of the Dungeon.
             The game lasted 00:00:04 (561 turns).

qw the Chopper (Tengu Warper)                        Turns: 561, Time: 00:00:05

Health: 0/21       AC:  3    Str: 13    XL:     3   Next: 14%
Magic:  7/7        EV: 12    Int: 13    God:
Gold:   51         SH:  0    Dex: 13    Spells: 6/6 levels left

rFire   . . .      SeeInvis .   a - +0 hand axe
rCold   . . .      Faith    .   (no shield)
rNeg    . . .      Spirit   .   b - +0 leather armour
rPois   .          Reflect  .   (helmet restricted)
rElec   .          Harm     .   (no cloak)
rCorr   .          Rampage  .   (no gloves)
Will    .....                   (boots unavailable)
Stlth   +.........              (no amulet)
HPRegen 0.07/turn               (no ring)
MPRegen 0.10/turn               (no ring)

@: no status effects
A: beak, talons 3
a: no special abilities


You were on level 1 of the Dungeon.
You visited 1 branch of the dungeon, and saw 1 of its levels.

You collected 51 gold pieces.


Innate Abilities, Weirdness & Mutations

You have a beak for a mouth.
You have claws for feet.


   Skills:
 - Level 2.0 Fighting
 + Level 3.9 Axes
 - Level 1.0 Throwing
 - Level 1.1 Armour
 - Level 2.1 Dodging
 - Level 2.0 Spellcasting
 - Level 2.4 Translocations


You had 6 spell levels left.
You didn't know any spells.
Your spell library contained the following spells:

 Spells                   Type           Power      Damage    Failure   Level
 Blink                    Tloc           14%        N/A       19%         2
 Gell's Gravitas          Tloc           7%         N/A       36%         3
 Lesser Beckoning         Tloc           7%         N/A       36%         3
 Teleport Other           Tloc           7%         N/A       36%         3
 Manifold Assault         Tloc           7%         N/A       98%         5

Inventory:

Hand Weapons
 a - a +0 hand axe (weapon)
 f - a +0 mace
Armour
 b - a +0 leather armour (worn)
 h - an orb of energy
Scrolls
 c - a scroll of blinking
 e - a scroll of poison {unknown}
 g - a scroll of noise {unknown}
Potions
 d - a potion of degeneration {unknown}

Dungeon Overview and Level Annotations

Branches:
Dungeon (1/15)

Altars:

Shops:
D:1 ?


Message History

You hit the gnoll. You claw the gnoll, but do no damage.
The gnoll is moderately wounded.
A ball python comes into view.
A hobgoblin comes into view.
The gnoll barely misses you. The gnoll misses you.
The hobgoblin moves out of view.
You barely miss the gnoll. You claw the gnoll.
The gnoll is moderately wounded.
You hit the rat. The rat barely misses you. The gnoll hits you with a +0 club.
You closely miss the rat. Your peck misses the rat.
The rat is severely wounded.
You closely miss the gnoll. The rat bites you but does no damage.
The gnoll hits you with a +0 club.
You hit the rat but do no damage.
The rat is severely wounded.
You closely miss the ball python. You hit the gnoll.
The ball python misses you. The ball python grabs you.
The ball python constricts you. The rat closely misses you.
The gnoll hits you with a +0 club. The ball python bites you.
The ball python constricts you.
You hit the ball python.
You kill the ball python!
You hit the gnoll but do no damage. You hit the rat but do no damage.
The rat bites you but does no damage. The gnoll hits you but does no damage.
You closely miss the rat. You claw the rat.
You kill the rat!
You closely miss the gnoll. The gnoll completely misses you.
You hit the gnoll but do no damage. You claw the gnoll, but do no damage.
The gnoll is heavily wounded.
The gnoll hits you with a +0 club.
You hit the gnoll but do no damage.
The gnoll is heavily wounded.
You hit the hobgoblin but do no damage. The gnoll hits you with a +0 club.
The hobgoblin hits you.
You hit the gnoll but do no damage. Your peck misses the gnoll.
The gnoll is heavily wounded.
You hit the hobgoblin. The gnoll barely misses you. The hobgoblin hits you.
You die...

#####......
##########............
#............(........
.....................
....................
#...................
#....... ..####|...
#..%.# #.... #..@g#
#.... ##..#g..#
######### #...#.....#
......... #7.8#..\..#
......... #...###...#
.....}... #8.7# .#.#
......... #...# .##
#..}...}. #7.8# .#
##....... #...#
##.}....


You could see a gnoll and a hobgoblin.

Vanquished Creatures
  2 dart slugs (D:1)
  An endoplasm (D:1)
  3 giant cockroaches (D:1)
  2 goblins (D:1)
  3 hobgoblins (D:1)
  A jackal (D:1)
  3 kobolds (D:1)
  A quokka (D:1)
  A ball python (D:1)
  2 bats (D:1)
  4 rats (D:1)
23 creatures vanquished.

Notes
Turn   | Place    | Note
-------+----------+-------------------------------------------
     0 | D:1      | qw the Tengu Warper began the quest for the Orb.
     0 | D:1      | Reached XP level 1. HP: 12/12 MP: 4/4
     0 | D:1      | 0 ||| qw: Version: 0.1-a-89-g26bdef1
     0 | D:1      | 0 ||| qw: Game counter: 2337
     0 | D:1      | 0 ||| qw: Always use a shield: true
     0 | D:1      | 0 ||| qw: God list: Okawaru
     0 | D:1      | 0 ||| qw: Allow faded altars: false
     0 | D:1      | 0 ||| qw: Do Orc after D:15 true
     0 | D:1      | 0 ||| qw: Do second Lair branch before Depths: true
     0 | D:1      | 0 ||| qw: Lair rune preference: random
     0 | D:1      | 0 ||| qw: Plans: Normal
     0 | D:1      | 0 ||| PLANNING D:1-11
    14 | D:1      | 14 ||| Stepping ~*~*~tactically~*~*~ (stealth).
    15 | D:1      | 15 ||| Stepping ~*~*~tactically~*~*~ (stealth).
    30 | D:1      | 30 ||| Stepping ~*~*~tactically~*~*~ (stealth).
    51 | D:1      | 51 ||| Stepping ~*~*~tactically~*~*~ (stealth).
    56 | D:1      | 56 ||| Stepping ~*~*~tactically~*~*~ (stealth).
    59 | D:1      | 59 ||| Stepping ~*~*~tactically~*~*~ (stealth).
   213 | D:1      | Reached XP level 2. HP: 16/17 MP: 6/6
   241 | D:1      | Reached skill level 3 in Axes
   501 | D:1      | Reached XP level 3. HP: 21/21 MP: 7/7
   514 | D:1      | 514 ||| Stepping ~*~*~tactically~*~*~ (hiding).
   551 | D:1      | Found Zupi's Magic Scroll Shoppe.
   560 | D:1      | HP: 4/21 [gnoll/+0 club (4)]
   560 | D:1      | HP: 1/21 [hobgoblin (3)]
   561 | D:1      | Slain by a hobgoblin

Levels and vault maps discovered:
D:1:      dpeg_arrival_lava_temple_mockup, layout_rooms,
          shapermc_ecumenical_altar_mp_vishouse, serial_shops, shop,
          interstate_on_off, supply_closet_lemuel, chequers_avenue

Skill      XL: |  1  2 |
---------------+-------+-----
Axes           | 3 |  3.9
Fighting       | |  2.0
Throwing       | |  1.0
Armour         | |  1.1
Dodging        | |  2.1
Spellcasting   | |  2.0
Translocations | |  2.4

Action                   || total
-------------------------++-------
Melee: Hand axe          ||    54
       Kick              ||    13
       Peck              ||     4
Throw: Boomerang         ||     7
Armor: Leather armour    ||    15
Dodge: Dodged            ||    23

Table legend:
 A = Non-vault XP
 B = Vault XP
 C = Vault XP percentage of total XP
 D = Non-vault monster count
 E = Vault monster count
 F = Vault count percentage of total count
                 A         B        C        D         E       F
            +---------+---------+-------+---------+---------+-------
      Total |      41 |       0 |   0.0 |      23 |       0 |   0.0
            +---------+---------+-------+---------+---------+-------
        D:1 |      41 |       0 |   0.0 |      23 |       0 |   0.0
            +---------+---------+-------+---------+---------+-------
